[Event "Early-Titled-Tuesday-Blitz-March-26-2024"]
[Site "Chess.com"]
[Date "2024.03.26"]
[Round "7"]
[White "RobertDowneyJr0111"]
[Black "Misterfox120"]
[Result "1-0"]
[WhiteElo "2642"]
[BlackElo "2472"]
[TimeControl "180+1"]
[EndTime "9:15:22 PDT"]
[Termination "RobertDowneyJr0111 won on time"]

1. e4 c6 2. Nf3 d5 3. Nc3 Bg4 4. h3 Bxf3 5. Qxf3 e6 6. Be2 Bc5 7. Na4 Bd4 8. c3 Bf6 9. d4 dxe4 10. Qxe4 Qd5 11. Bf3 Qxe4+ 12. Bxe4 Nd7 13. Bf4 Be7 14. O-O Ngf6 15. Bf3 Nd5 16. Be3 Nxe3 17. fxe3 O-O 18. b3 e5 19. c4 exd4 20. exd4 Bf6 21. Rad1 Rad8 22. c5 Rfe8 23. d5 Ne5 24. d6 Nxf3+ 25.
Rxf3 Rd7 26. Kf2 Re6 27. Re3 Be5 28. b4 b5 29. Nc3 Bf6 30. Rxe6 fxe6 31. Ne4 Kf7 32. a4 a6 33. axb5 axb5 34. Rd3 e5 35.
Ra3 Ke6 36. Ke3 g6 37. Kd3 Bg7 38. Ra6 1-0

[Event "Early-Titled-Tuesday-Blitz-March-26-2024"]
[Site "Chess.com"]
[Date "2024.03.26"]
[Round "7"]
[White "Midgardsormur"]
[Black "GlavkonVVS"]
[Result "0-1"]
[WhiteElo "2454"]
[BlackElo "2638"]
[TimeControl "180+1"]
[EndTime "9:15:23 PDT"]
[Termination "GlavkonVVS won by resignation"]

1. e4 Nf6 2. e5 Nd5 3. c4 Nb6 4. d4 d6 5. f4 dxe5 6. fxe5 c5 7. d5 g6 8. Nc3 Bg7 9. Bf4 O-O 10. Bd3 e6 11. dxe6 Bxe6 12. Qe2 Nc6 13. Nf3 Nd4 14. Nxd4 Qxd4 15. Rf1 Bxc4 16. O-O-O Rad8 17. Rf3 Bxd3 18. Rdxd3 Qc4 19. Rxd8 Rxd8 20. Qxc4 Nxc4 21. Ne4 Nxe5 22. Bg5 Rd4 23. Nf6+ Kh8 24. Re3 Nd3+ 25. Kc2 Rd8 26. Rxd3 Rxd3 27. Kxd3 h6 28. Ne8 hxg5 29. Nxg7 Kxg7 30.
Kc4 b6 31. Kb5 f5 32. Ka6 g4 33. g3 g5 34. Kxa7 f4 35. gxf4 gxf4 36. Kxb6 f3 37.
a4 f2 38. a5 f1=Q 39. a6 Qc4 40. a7 Qb4+ 41. Kc7 Qa5+ 42. Kb8 Qb5+ 43. Kc7 Qa6 44. Kb8 Qb6+ 45. Ka8 Qxb2 46. h3 g3 0-1

[Event "Early-Titled-Tuesday-Blitz-March-26-2024"]
[Site "Chess.com"]
[Date "2024.03.26"]
[Round "7"]
[White "rionelG"]
[Black "amanjazu"]
[Result "0-1"]
[WhiteElo "2204"]
[BlackElo "2525"]
[TimeControl "180+1"]
[EndTime "9:15:23 PDT"]
[Termination "amanjazu won by resignation"]

1. e4 Nf6 2. d3 d6 3. Nf3 g6 4.
g3 Bg7 5. Bg2 O-O 6. O-O c5 7.
Re1 Nc6 8. c3 e5 9. a4 h6 10.
Nbd2 Be6 11. Nc4 a6 12. Qc2 Rc8 13. Nfd2 b5 14. axb5 axb5 15. Ne3 Ne7 16. h3 Qd7 17. Kh2 Rfe8 18. Rd1 d5 19. exd5 Nexd5 20. Ne4 Qe7 21. Ra5 Nxe3 22. Bxe3 Bd7 23. Nxf6+ Qxf6 24. Qb3 c4 25.
dxc4 bxc4 26. Qb7 Bf5 27. Ra6 Qe7 28. Qxe7 Rxe7 29. Rad6 Bd3 30. Bd5 e4 31. Kg2 Rb8 32.
Rd2 Bf8 33. Rxg6+ Kh7 34. Ra6 Rb5 35. Bc6 Rbe5 36. Bd4 R5e6 37. Bb5 Rxa6 38. Bxa6 Bg7 39. Bxg7 Kxg7 40. Bb5 Rb7 41. Ba4 Ra7 42. Bd1 Ra1 43. f3 e3 44. Be2 exd2 45. Bxd3 cxd3 0-1

[Event "Early-Titled-Tuesday-Blitz-March-26-2024"]
[Site "Chess.com"]
[Date "2024.03.26"]
[Round "7"]
[White "AlmasRakhmatullaev"]
[Black "HansOnTwitch"]
[Result "0-1"]
[WhiteElo "2909"]
[BlackElo "3121"]
[TimeControl "180+1"]
[EndTime "9:15:24 PDT"]
[Termination "HansOnTwitch won by resignation"]

1. e4 c5 2. Nf3 d6 3. d4 cxd4 4. Qxd4 Nf6 5. Bg5 Nc6 6. Bb5 Qa5+ 7. Nc3 Qxb5 8. Nxb5 Nxd4 9. Nfxd4 Nxe4 10. Nc7+ Kd8 11. Nxa8 Nxg5 12. Nb5 a6 13. Nc3 b5 14. Nb6 Bb7 15. f3 h5 16. a4 b4 17. Ne2 h4 18.
h3 Ne6 19. c3 bxc3 20. Nxc3 Nf4 21. O-O d5 22. a5 e6 23. Nca4 Bd6 24. Rab1 Rh5 25.
Rf2 Rg5 26. Kf1 d4 27. b4 Rb5 28. Rd2 d3 29. Nc3 Rxb4 30. Rbd1 f5 31. Rc1 Be5 32. Nca4 Bd4 33. Nc5 Bd5 34. Nxd5 exd5 35. Nxa6 Rb5 36. Ra2 Be3 37. Rd1 d2 38. Ra4 d4 39. Nb4 Nh5 40. Ke2 Ng3+ 41. Kd3 Rc5 42. Nd5 Rxd5 43. a6 Rc5 44.
Ra3 Rc8 45. a7 Ra8 46. Rb1 Kc7 47. Kc2 Ne2 48. Rb4 Nc3 49. Rc4+ Kd6 50. Rcxc3 dxc3 51. Rxc3 Bxa7 52. Rd3+ Ke5 53. Rxd2 0-1

[Event "Early-Titled-Tuesday-Blitz-March-26-2024"]
[Site "Chess.com"]
[Date "2024.03.26"]
[Round "7"]
[White "Pedrada88"]
[Black "Hamisandwich"]
[Result "0-1"]
[WhiteElo "2549"]
[BlackElo "2714"]
[TimeControl "180+1"]
[EndTime "9:15:24 PDT"]
[Termination "Hamisandwich won by checkmate"]

1. e4 c5 2. Nf3 Nc6 3. Bb5 e5 4. O-O Bd6 5. d3 Nge7 6. a3 O-O 7.
Nc3 Bc7 8. h3 d6 9. Ne2 h6 10.
Ng3 Be6 11. Nh2 d5 12. exd5 Bxd5 13. Be3 Nd4 14. Bc4 b5 15. Bxd4 cxd4 16. Bxb5 Qb8 17. Bc4 Bxc4 18. dxc4 Qxb2 19. Rb1 Qxa3 20. Rb7 Qc5 21.
Qe2 a5 22. Rb5 Qc6 23. Nf3 Ng6 24. h4 a4 25. Ra1 Rfe8 26. Nd2 Nxh4 27. Nge4 Ng6 28.
Rc5 Qd7 29. g3 Ba5 30. Rd5 Qh3 31. Nd6 Bc3 32. Ra2 Re6 33. N2e4 f5 34. Nxc3 dxc3 35.
Qf3 Nf4 36. Rxe5 Rxe5 37. Qxa8+ Kh7 38. Ra1 Ne2# 0-1

[Event "Early-Titled-Tuesday-Blitz-March-26-2024"]
[Site "Chess.com"]
[Date "2024.03.26"]
[Round "7"]
[White "yaguigor"]
[Black "arnash_bauyrzhan"]
[Result "1-0"]
[WhiteElo "2580"]
[BlackElo "2373"]
[TimeControl "180+1"]
[EndTime "9:15:24 PDT"]
[Termination "yaguigor won by resignation"]

1. d4 d5 2. c4 e6 3. Nc3 Be7 4. Nf3 Nf6 5. Bf4 O-O 6. e3 b6 7.
cxd5 Nxd5 8. Nxd5 exd5 9. Bd3 h6 10. O-O Bd6 11. Bxd6 Qxd6 12. Rc1 Bg4 13. h3 Bxf3 14. Qxf3 Nd7 15. a3 c5 16. dxc5 bxc5 17. Rfd1 Ne5 18.
Qg3 Rad8 19. Be4 d4 20. b4 d3 21. Rxc5 Rfe8 22. f4 Nd7 23. Rxd3 Qb6 24. Rc6 Qb5 25.
Qf3 Ne5 26. fxe5 Rxd3 27. Bxd3 Qxd3 28. Rc7 Qg6 29. Qf4 a5 30. bxa5 f6 31. Qc4+ Kh7 32. e6 Qb1+ 33. Kh2 Qb8 34. Qc2+ Kh8 35. g3 Rxe6 36. Rc8+ 1-0

[Event "Early-Titled-Tuesday-Blitz-March-26-2024"]
[Site "Chess.com"]
[Date "2024.03.26"]
[Round "7"]
[White "Khromkin"]
[Black "dodorox"]
[Result "1-0"]
[WhiteElo "2428"]
[BlackElo "2126"]
[TimeControl "180+1"]
[EndTime "9:15:24 PDT"]
[Termination "Khromkin won on time"]

1. d4 Nf6 2. c4 e6 3. Nf3 d5 4. Nc3 Bb4 5. Bg5 h6 6. Bxf6 Qxf6 7. Qb3 Bxc3+ 8. Qxc3 Nc6 9. e3 O-O 10. a3 Re8 11. Rd1 Bd7 12. Be2 Rad8 13. O-O dxc4 14. Bxc4 e5 15. dxe5 Nxe5 16. Nxe5 Qxe5 17. Qb3 Be6 18.
Bxe6 Qxe6 19. Qxb7 Qb6 20. Qxb6 cxb6 21. g3 Kf8 22.
Kg2 Ke7 23. Kf3 Rxd1 24. Rxd1 Rc8 25. Rd2 Rc4 26. h4 g6 27. e4 h5 28. Ke3 Rc1 29.
Kd4 Rc7 30. Ke5 Rc5+ 31. Kf4 Rc4 32. f3 Rc5 33. g4 hxg4 34. fxg4 Rc1 35. Rh2 Rf1+ 36.
Kg5 Re1 37. h5 gxh5 38. gxh5 Kf8 39. h6 Kg8 40. h7+ Kh8 41. Kf5 Rf1+ 42. Ke5 Re1 43. Rh3 Re2 44. b4 a5 45. bxa5 bxa5 46. Kd5 a4 47. e5 Re1 48. Rh4 Re3 49. Rxa4 Kxh7 50.
Ra8 Kg7 51. a4 Ra3 52. a5 Ra4 53. a6 Ra5+ 54. Kc6 Ra4 55. Kb6 1-0

[Event "Early-Titled-Tuesday-Blitz-March-26-2024"]
[Site "Chess.com"]
[Date "2024.03.26"]
[Round "7"]
[White "northridgehawk"]
[Black "Dewarfd"]
[Result "1-0"]
[WhiteElo "2335"]
[BlackElo "2152"]
[TimeControl "180+1"]
[EndTime "9:15:25 PDT"]
[Termination "northridgehawk won on time"]

1. e4 c5 2. Nc3 g6 3. Nge2 Bg7 4. g3 d6 5. Bg2 Nc6 6. O-O Nf6 7. h3 O-O 8. d3 Nd7 9. a4 Rb8 10. Be3 a6 11.
Qd2 Re8 12. f4 b5 13. axb5 axb5 14. g4 b4 15. Nd1 Nd4 16. Ng3 b3 17. c3 Nc2 18.
Ra7 Nxe3 19. Nxe3 Nb6 20. g5 Rb7 21. Ra3 Rc7 22. f5 Be5 23. Rf3 d5 24. Ng4 Bxg3 25.
Rxg3 dxe4 26. Bxe4 c4 27. d4 Bb7 28. Bxb7 Rxb7 29.
Rf3 Qd5 30. Qf2 Rf8 31. h4 Qe4 32. Rf4 Qb1+ 33. Kh2 Nd5 34. Nh6+ Kg7 35. Rf3 Qc2 36. Ra5 Qxf2+ 37. Rxf2 Nxc3 38. Ng4 Ne4 39. Rf1 Nd6 40. f6+ exf6 41. gxf6+ Kh8 42. Ne5 Nf5 43. Rd1 Nxd4 44. Rxd4 c3 45. bxc3 b2 46. Rb5 1-0

[Event "Early-Titled-Tuesday-Blitz-March-26-2024"]
[Site "Chess.com"]
[Date "2024.03.26"]
[Round "7"]
[White "Polish_fighter3000"]
[Black "mbojan"]
[Result "1-0"]
[WhiteElo "3115"]
[BlackElo "2892"]
[TimeControl "180+1"]
[EndTime "9:15:26 PDT"]
[Termination "Polish_fighter3000 won on time"]

1. c4 a6 2. g3 g6 3. Bg2 Bg7 4. Nc3 d6 5. d4 Nc6 6. e3 h5 7. h3 Nf6 8. Nf3 O-O 9. O-O e5 10.
d5 Ne7 11. b3 Nh7 12. e4 b6 13. Re1 a5 14. a3 Kh8 15. Ra2 Ng8 16. Rc2 Bh6 17.
b4 axb4 18. axb4 Ra1 19. c5 bxc5 20. bxc5 Ng5 21. Bxg5 Rxd1 22. Bxd8 Rxe1+ 23. Nxe1 Rxd8 24. Nb5 dxc5 25. Nd3 f6 26. Nxc5 h4 27. Nxc7 hxg3 28.
fxg3 f5 29. N5e6 Bxe6 30. Nxe6 Rd6 31. Rc6 Rd7 32. g4 fxg4 33. hxg4 Be3+ 34. Kf1 Ne7 35.
Ra6 Rb7 36. Ra8+ Kh7 37. g5 Rb2 38. Rf8 Nc6 39. dxc6 1-0

[Event "Early-Titled-Tuesday-Blitz-March-26-2024"]
[Site "Chess.com"]
[Date "2024.03.26"]
[Round "7"]
[White "daika91"]
[Black "Ticoluis"]
[Result "0-1"]
[WhiteElo "2693"]
[BlackElo "2520"]
[TimeControl "180+1"]
[EndTime "9:15:26 PDT"]
[Termination "Ticoluis won on time"]

1. d4 Nf6 2. c4 g6 3. Nc3 Bg7 4. e4 d6 5. h3 O-O 6. Be3 c5 7. Nf3 cxd4 8. Nxd4 Nc6 9. Be2 Bd7 10. Nb3 a6 11. O-O Rc8 12. Rc1 Be6 13. Nd2 Nd7 14. b3 Qa5 15. Ndb1 Rfd8 16. a4 Nc5 17. Nd5 Bxd5 18.
exd5 Nb4 19. Nc3 Bxc3 20. Rxc3 Nxd5 21. Rc1 Nxe3 22. fxe3 Qb6 23. Rb1 a5 24. Kh1 Ne4 25. Qe1 Qxe3 26. Rf3 Qd2 27. Qf1 f5 28. Rd1 Qg5 29. Qe1 e6 30. Bd3 d5 31. cxd5 exd5 32.
Qxa5 Qe7 33. Bf1 Rc2 34. Rxd5 Rdc8 35. Bc4 Kg7 36. Qb6 Rc1+ 37. Bf1 Ng3+ 38. Rxg3 Rxf1+ 39. Kh2 Rcc1 40. Qd4+ Kh6 41. Re3 Rh1+ 42. Kg3 Qg5+ 43. Kf3 Rhf1+ 44. Ke2 Rce1+ 45. Kd2 Rd1+ 46. Kc2 Rxd4 0-1

[Event "Early-Titled-Tuesday-Blitz-March-26-2024"]
[Site "Chess.com"]
[Date "2024.03.26"]
[Round "7"]
[White "deribas12345"]
[Black "ljuks68"]
[Result "1-0"]
[WhiteElo "2620"]
[BlackElo "2439"]
[TimeControl "180+1"]
[EndTime "9:15:27 PDT"]
[Termination "deribas12345 won by resignation"]

1. d4 d5 2. c4 c6 3. Nf3 Nf6 4. Nc3 dxc4 5. e4 b5 6. e5 Nd5 7. Ne4 Bf5 8. Ng3 Bg6 9. h4 Nb4 10. Be2 Nc2+ 11. Kf1 Nxa1 12. h5 Bc2 13. Qd2 h6 14. e6 f6 15. Nh4 Qd5 16. Bg4 Bd3+ 17. Kg1 Qxd4 18. Bf5 Qd5 19. Qa5 Bxf5 20. Ngxf5 Qxe6 21. Kh2 Nc2 22. Rd1 Nd7 23. Bf4 Ne5 24. f3 Nd3 25.
Bg3 Ne3 26. Nxe3 Qxe3 27. Ng6 Rg8 28. Rd2 Qb6 29. Qc3 Qc5 30. Nh4 Qxh5 31. Rxd3 cxd3 32. Qxc6+ Kf7 33. Qxa8 Qc5 34. Qd8 Qc4 35. Nf5 e6 36.
Ne3 Qc5 37. Qd7+ Be7 38. Qxd3 Rd8 39. Qe2 Bd6 40. f4 Bc7 41. Qh5+ Kg8 42. Qxc5 Bb6 43. Qc6 1-0

[Event "Early-Titled-Tuesday-Blitz-March-26-2024"]
[Site "Chess.com"]
[Date "2024.03.26"]
[Round "7"]
[White "Levanzovsky"]
[Black "LikeWater"]
[Result "0-1"]
[WhiteElo "2426"]
[BlackElo "2716"]
[TimeControl "180+1"]
[EndTime "9:15:28 PDT"]
[Termination "LikeWater won on time"]

1. Nf3 Nf6 2. g3 g6 3. Bg2 Bg7 4. O-O O-O 5. d3 d6 6. Nc3 c5 7. Nh4 Nc6 8. e4 Rb8 9. a4 a6 10. f4 Nd4 11. f5 b5 12. axb5 axb5 13. Ne2 b4 14. Nxd4 cxd4 15. b3 Bb7 16. g4 Nd7 17.
Nf3 Rc8 18. h4 Qc7 19. Ra2 Ra8 20. Rxa8 Rxa8 21. Bb2 Qc5 22. h5 Bxe4 23. dxe4 d3+ 24. Kh1 Bxb2 25. Qxd3 Ne5 26. Nxe5 Bxe5 27. fxg6 hxg6 28.
Qf3 f6 29. hxg6 Kg7 30. Bh3 Rh8 31. g5 Kxg6 32. gxf6 Bxf6 33. Rg1+ Kf7 34. Qg4 Qxc2 35.
Qe6+ Kf8 36. Rg8+ Rxg8 0-1

[Event "Early-Titled-Tuesday-Blitz-March-26-2024"]
[Site "Chess.com"]
[Date "2024.03.26"]
[Round "7"]
[White "copanchess"]
[Black "AjedrezenMadrid"]
[Result "0-1"]
[WhiteElo "2097"]
[BlackElo "2533"]
[TimeControl "180+1"]
[EndTime "9:15:28 PDT"]
[Termination "AjedrezenMadrid won on time"]

1. e4 c5 2. Nc3 Nc6 3. Bb5 Nd4 4. Bc4 e6 5. Nge2 a6 6. a4 Qc7 7. d3 Nc6 8. O-O Nf6 9. f4 d6 10. Qe1 Be7 11. Qg3 Bd7 12. Kh1 O-O-O 13. a5 h6 14. Bd2 g5 15. f5 Ne5 16. Na4 Nxc4 17. dxc4 Nxe4 18. Qd3 exf5 19. Nb6+ Kb8 20. b4 Be6 21. b5 axb5 22. cxb5 d5 23. Nc3 c4 24. Qe2 Bc5 25.
Nxe4 fxe4 26. Be3 f5 27. c3 f4 28. Bd4 Bxd4 29. cxd4 g4 30. Na4 f3 31. Qe3 fxg2+ 32. Kxg2 Rhf8 33. b6 Qe7 34. a6 Rf3 35. Qxh6 Rdf8 36.
Rxf3 gxf3+ 37. Kf2 Qf6 38. Qe3 Rg8 39. Rg1 Rxg1 40.
Kxg1 Qh4 41. Qf2 Qg4+ 42. Kf1 Qf4 0-1

[Event "Early-Titled-Tuesday-Blitz-March-26-2024"]
[Site "Chess.com"]
[Date "2024.03.26"]
[Round "7"]
[White "Shield12"]
[Black "js20000"]
[Result "1-0"]
[WhiteElo "2997"]
[BlackElo "2815"]
[TimeControl "180+1"]
[EndTime "9:15:29 PDT"]
[Termination "Shield12 won on time"]

1. e4 c6 2. Nf3 d5 3. Nc3 dxe4 4. Nxe4 Nf6 5. Qe2 Nxe4 6. Qxe4 Qd5 7. Qf4 Qf5 8. Qe3 Qxc2 9. Bd3 Qa4 10. b3 Qb4 11. Bb2 Nd7 12. O-O Nb6 13. Ne5 Nd5 14. Qf3 Qf4 15. Qe2 Bf5 16. Bc4 Rd8 17. Rfe1 e6 18.
g3 Qh6 19. Qf3 Be7 20. Bd4 O-O 21. Bxa7 c5 22. d4 cxd4 23. Bxd4 Bb4 24. Re2 Nf6 25. Be3 Qh3 26. Qg2 Qh5 27. f3 Bh3 28. Qf2 Qxe5 29. Rc1 Qa5 30. Bb6 Qf5 31. g4 Qg5 32.
Be3 Nxg4 33. Qg3 Qe5 34. Bf4 Qd4+ 35. Kh1 Bc5 36. fxg4 b5 37. Be5 Qxg4 38. Bxb5 Qxg3 39. Bxg3 Bg4 40. Rxc5 Bxe2 41. Bxe2 Rd2 42. Re5 Rxa2 43. Re3 Rb2 44. Be5 Rb1+ 45. Kg2 f6 46. Bd6 1-0

[Event "Early-Titled-Tuesday-Blitz-March-26-2024"]
[Site "Chess.com"]
[Date "2024.03.26"]
[Round "7"]
[White "lagunanivaria"]
[Black "Chxss_Khxsbu"]
[Result "1-0"]
[WhiteElo "2456"]
[BlackElo "1790"]
[TimeControl "180+1"]
[EndTime "9:15:29 PDT"]
[Termination "lagunanivaria won by resignation"]

1. c3 e5 2. d4 exd4 3. cxd4 d5 4. Bf4 Nf6 5. Nc3 Bd6 6. Bxd6 Qxd6 7. e3 c6 8. Bd3 O-O 9. h3 Nbd7 10. Nf3 Re8 11.
Qc2 Nf8 12. O-O Ng6 13. Rab1 a5 14. a3 b6 15. b4 Ba6 16. Bxa6 Rxa6 17. b5 cxb5 18. Nxb5 Qd7 19. Qc7 Rc8 20. Qxd7 Nxd7 21. Rfc1 Raa8 22. Nd6 Rd8 23. a4 Ne7 24. Rc7 Nf6 25.
Rxe7 Rxd6 26. Ne5 Ne4 27. Rc1 Rf6 28. f3 Nd6 29. Rc6 Nf5 30. Rxf6 gxf6 31. Rxf7 fxe5 32. Rxf5 exd4 33. exd4 Rc8 34. Rxd5 Rc4 35. Rd6 Rxa4 36. Rxb6 Rxd4 37. Ra6 a4 38. Kf2 Rb4 39. Ke3 Rb3+ 40.
Kf4 a3 41. g4 h5 42. Kg5 hxg4 43. Kxg4 Kg7 44. h4 Kf7 45. f4 Kg7 46. Kf5 Rh3 47.
Ra7+ Kh6 48. Kg4 Rb3 49. Ra6+ Kg7 50. h5 Kh7 51. Kg5 Rg3+ 52. Kf6 Kh6 53. Ra8 Kxh5 54. f5 Rf3 55. Ke6 Kg5 56. Rg8+ Kf4 57. f6 Re3+ 58. Kd7 Ke5 59. f7 a2 60. Ra8 Rf3 61.
Ke7 Kd5 62. f8=Q Rxf8 63. Kxf8 Kc4 64. Rxa2 1-0

[Event "Early-Titled-Tuesday-Blitz-March-26-2024"]
[Site "Chess.com"]
[Date "2024.03.26"]
[Round "7"]
[White "Likvidator228"]
[Black "CSB7"]
[Result "0-1"]
[WhiteElo "2577"]
[BlackElo "2783"]
[TimeControl "180+1"]
[EndTime "9:15:32 PDT"]
[Termination "CSB7 won by checkmate"]

1. d4 Nf6 2. Nf3 e6 3. Bf4 d5 4. e3 Bd6 5. Bg3 O-O 6. Nbd2 c5 7. c3 Qc7 8. Ne5 b6 9. Bd3 Bb7 10. O-O Nbd7 11. f4 c4 12. Bc2 b5 13. a3 a5 14. Bh4 Ne4 15. Nxe4 dxe4 16. Nxd7 Qxd7 17. Qh5 f5 18. h3 b4 19. axb4 axb4 20. cxb4 Bxb4 21.
Qe2 Bd5 22. Rfc1 Qb7 23. g4 Rfb8 24. gxf5 exf5 25. Kh1 Bf8 26. Rxa8 Rxa8 27. Bb1 Rb8 28.
Rc2 Qb3 29. Be1 Qd3 30. Bc3 Qxe2 31. Rxe2 Bb4 32. Ba2 Bxc3 33. bxc3 Kf8 34. Kg2 Ra8 35. Kf2 Ra3 36. Rc2 Ke7 37. Ke2 Kd6 38. Kd2 h6 39.
Rb2 g5 40. fxg5 hxg5 41. Kc2 f4 42. exf4 gxf4 43. Bb1 e3 44. Rb6+ Kc7 45. Rf6 Be4+ 46. Kb2 Rb3+ 47. Kc1 Rxb1# 0-1

[Event "Early-Titled-Tuesday-Blitz-March-26-2024"]
[Site "Chess.com"]
[Date "2024.03.26"]
[Round "7"]
[White "JosefineHeinemann"]
[Black "PepeCuenca"]
[Result "0-1"]
[WhiteElo "2512"]
[BlackElo "2740"]
[TimeControl "180+1"]
[EndTime "9:15:32 PDT"]
[Termination "PepeCuenca won on time"]

1. e4 c5 2. c3 Nf6 3. e5 Nd5 4. Nf3 Nc6 5. Bc4 Nb6 6. Bb3 d5 7. exd6 Qxd6 8. O-O c4 9. Bc2 Bg4 10. Re1 Ne5 11. Rxe5 Bxf3 12. Qe1 Bc6 13. Na3 g6 14. b3 Bg7 15. Re2 cxb3 16. axb3 O-O 17. Nc4 Nxc4 18. bxc4 Rfe8 19. Ba3 Qf4 20. Be4 Qc7 21. Bxc6 Qxc6 22.
Bxe7 Qxc4 23. Rb1 Bf8 24. Rb4 Qa6 25. Rbe4 Bg7 26. h4 h5 27. Bg5 Rxe4 28. Rxe4 Qc6 29. Re7 a5 30. Qa1 a4 31. Qa2 Rf8 32. g3 b5 33. Ra7 Qf3 34. Be3 Re8 35. Kf1 Qd1+ 36. Kg2 Qb3 37. Qxb3 axb3 38. Rb7 Re5 0-1

[Event "Early-Titled-Tuesday-Blitz-March-26-2024"]
[Site "Chess.com"]
[Date "2024.03.26"]
[Round "7"]
[White "Nechitaylo_Nikita"]
[Black "HajiyevKanan"]
[Result "0-1"]
[WhiteElo "2373"]
[BlackElo "2535"]
[TimeControl "180+1"]
[EndTime "9:15:32 PDT"]
[Termination "HajiyevKanan won on time"]

1. d4 c6 2. c4 d5 3. cxd5 cxd5 4. Bf4 Nf6 5. e3 Nc6 6. Nc3 a6 7. Be2 Bf5 8. g4 Be4 9. f3 Bg6 10. h4 h6 11. h5 Bh7 12. Rc1 e6 13. Qb3 Na5 14.
Qa4+ Nc6 15. Qb3 Qd7 16. Na4 Bb4+ 17. Kf2 Qe7 18. a3 Bd2 19. Rc5 Nxd4 20. Qb6 Nxe2 21. Rc7 Nd7 22. Qxb7 Rb8 23. Qxb8+ Nxb8 24. Rxe7+ Kxe7 25. Kxe2 Ba5 26. b4 Bc2 27. Nc5 Bb6 28. Nh3 Rc8 29. Rc1 Bh7 30. Bxb8 Rxb8 31. Nxa6 Ra8 32.
Nc5 Rxa3 33. Nf4 Ra2+ 34. Kf1 Kd6 35. e4 dxe4 36. fxe4 Bxc5 37. Rxc5 Bxe4 38. Rb5 e5 39.
Nh3 Bd3+ 0-1

[Event "Early-Titled-Tuesday-Blitz-March-26-2024"]
[Site "Chess.com"]
[Date "2024.03.26"]
[Round "7"]
[White "Juicy_Fork"]
[Black "Zhani-Z"]
[Result "1-0"]
[WhiteElo "2528"]
[BlackElo "2250"]
[TimeControl "180+1"]
[EndTime "9:15:35 PDT"]
[Termination "Juicy_Fork won on time"]

1. e4 e5 2. Nf3 Nc6 3. Bb5 a6 4. Ba4 Nf6 5. O-O Be7 6. Re1 b5 7. Bb3 d6 8. c3 O-O 9. h3 Nb8 10. d4 Nbd7 11. Nbd2 Bb7 12. Bc2 Re8 13. Nf1 Bf8 14.
Ng3 g6 15. Bd2 c5 16. d5 c4 17. b4 cxb3 18. axb3 h6 19. Qc1 Kh7 20. Nh4 Nxd5 21. Nxg6 fxg6 22. exd5 Bxd5 23. c4 Bf7 24. Be4 Nc5 25.
Bxa8 Qxa8 26. Qc2 bxc4 27. bxc4 Qc6 28. Bb4 Rc8 29. Bxc5 Qxc5 30. Rxa6 Bxc4 31. Ne4 Qc7 32. Raa1 d5 33. Nf6+ Kg7 34. Ng4 Bd6 35. f4 Qc5+ 36.
Kh1 e4 37. Qb2+ d4 38. Rxe4 Bd3 39. Rxd4 Kh7 40. Rxd3 h5 41. Nf6+ Kh6 42. Ne4 1-0

[Event "Early-Titled-Tuesday-Blitz-March-26-2024"]
[Site "Chess.com"]
[Date "2024.03.26"]
[Round "7"]
[White "hakanazeri2"]
[Black "Kirill_Klukin"]
[Result "0-1"]
[WhiteElo "2579"]
[BlackElo "2836"]
[TimeControl "180+1"]
[EndTime "9:15:36 PDT"]
[Termination "Kirill_Klukin won on time"]

1. Nf3 d5 2. d4 e6 3. c4 c6 4. g3 f5 5. Bg2 Nf6 6. O-O Bd6 7. b3 Qe7 8. a4 O-O 9. Ba3 Bxa3 10. Nxa3 a5 11. Nb1 Na6 12. Nbd2 b6 13. Ne5 Bb7 14. e3 Nb4 15. Rc1 Rac8 16. c5 bxc5 17. Rxc5 Na6 18. Rc3 c5 19. Qc1 cxd4 20. exd4 Qb4 21. Rxc8 Rxc8 22.
Qb2 Ne4 23. Nxe4 dxe4 24. Rc1 Rxc1+ 25. Qxc1 Qxb3 26. Bf1 h6 27. Bc4 Qb6 28. Nd7 Qd6 29.
Nc5 Bc8 30. Bxa6 Bxa6 31. Nxa6 Qxa6 32. Qc3 Kh7 33. Qb3 Qd6 34. Qc3 Qb4 35. Qc6 Qb3 36. Qb5 Qxb5 37. axb5 a4 38. b6 a3 39. b7 a2 40.
b8=Q a1=Q+ 41. Kg2 Qxd4 42. Qe8 Qd5 43. Kg1 Qe5 44.
Kg2 e3 45. fxe3 Qxe3 46. h4 Qe2+ 47. Kh3 Qg4+ 48. Kh2 f4 49. gxf4 Qxh4+ 50. Kg2 Qg4+ 51. Kh1 Qf3+ 52. Kg1 Qg3+ 53. Kh1 Qxf4 54. Qxe6 Qh4+ 55. Kg2 Qg5+ 56. Kh1 Qh5+ 0-1

[Event "Early-Titled-Tuesday-Blitz-March-26-2024"]
[Site "Chess.com"]
[Date "2024.03.26"]
[Round "7"]
[White "jaskol95"]
[Black "MikeSailer"]
[Result "1-0"]
[WhiteElo "2473"]
[BlackElo "2095"]
[TimeControl "180+1"]
[EndTime "9:15:37 PDT"]
[Termination "jaskol95 won on time"]

1. e4 d5 2. exd5 Qxd5 3. h3 Nf6 4. Nc3 Qd6 5. Nf3 c6 6. d4 Bf5 7. Bc4 e6 8. Ne5 Nbd7 9. Bf4 Nxe5 10. Bxe5 Qb4 11.
Bb3 Be7 12. O-O O-O 13. Re1 a5 14. a3 Qb6 15. Qf3 h6 16. g4 Bh7 17. Kh2 Qd8 18. Rg1 a4 19. Ba2 Bd6 20. g5 Bxe5+ 21. dxe5 hxg5 22.
exf6 Qxf6 23. Qxf6 gxf6 24. h4 Bxc2 25. hxg5 fxg5 26.
Rxg5+ Kh7 27. Kg3 Bg6 28. Rh1+ Kg7 29. Bb1 b5 30. Ne2 Kf6 31. Rc5 Bxb1 32. Rxb1 Rac8 33. Rbc1 Rfd8 34. Nc3 Rd3+ 35. Kf4 Rh8 36. Ne4+ Ke7 37. f3 Rh3 38. Rf1 Rh2 39. Rxc6 Rxb2 40. Rc7+ Kf8 41. Rh1 Rxa3 42. Rh7 f5 43. Rhf7+ 1-0

[Event "Early-Titled-Tuesday-Blitz-March-26-2024"]
[Site "Chess.com"]
[Date "2024.03.26"]
[Round "7"]
[White "frequentblunders"]
[Black "Charodej1"]
[Result "0-1"]
[WhiteElo "2191"]
[BlackElo "2431"]
[TimeControl "180+1"]
[EndTime "9:15:37 PDT"]
[Termination "Charodej1 won on time"]

1. e4 g6 2. Nc3 Bg7 3. d4 d6 4. f4 Nf6 5. Nf3 O-O 6. e5 Nfd7 7. Bd3 c5 8. exd6 exd6 9. d5 a6 10.
O-O b5 11. b3 Bb7 12. Bb2 Nf6 13. Be2 Nbd7 14. h3 Nb6 15. Qd2 Nfxd5 16. Nxd5 Bxb2 17. Nxb6 Qxb6 18. Rad1 Bg7 19. Qxd6 Qxd6 20. Rxd6 Rfe8 21. Kf2 Re4 22. g3 Rae8 23. Bd1 h6 24. Re1 Rxe1 25. Nxe1 Bd4+ 26. Kf1 Bc8 27. Bg4 f5 28. Rxg6+ Kh7 29.
Bh5 Re3 30. Rc6 Be6 31. Rc7+ Bg7 32. Nf3 Kh8 33. Kf2 Rc3 34. Ne1 c4 35. Bg6 Kg8 36. Re7 Bd5 37. Rd7 Be4 38. Rd8+ Bf8 39. g4 cxb3 40. cxb3 Kg7 41. gxf5 Bc5+ 0-1

[Event "Early-Titled-Tuesday-Blitz-March-26-2024"]
[Site "Chess.com"]
[Date "2024.03.26"]
[Round "7"]
[White "Gurvich_Vitaly"]
[Black "vladislavkovalev"]
[Result "0-1"]
[WhiteElo "2720"]
[BlackElo "2873"]
[TimeControl "180+1"]
[EndTime "9:15:39 PDT"]
[Termination "vladislavkovalev won by resignation"]

1. d4 Nf6 2. Bf4 e6 3. e3 d5 4. Nd2 c5 5. c3 Bd6 6. Bxd6 Qxd6 7. f4 cxd4 8. cxd4 Nc6 9. a3 Ne4 10. Nxe4 dxe4 11. Ne2 Ne7 12. Nc3 f5 13. Qd2 O-O 14. Be2 Bd7 15. Rc1 Rac8 16. Kf2 Rc7 17. Rc2 Rfc8 18. Rhc1 h6 19. g3 a6 20. b4 Rc6 21. Nd1 Nd5 22. Rc5 b6 23. Rxc6 Rxc6 24.
Nc3 Nc7 25. Nd1 Rxc1 26. Qxc1 Bb5 27. Nc3 Bxe2 28. Kxe2 Qc6 29. Qd2 Qc4+ 30. Kf2 Kf7 31. g4 g6 32. gxf5 gxf5 33. h3 Ke7 34. Ne2 Nd5 35. Qc1 Qd3 36. h4 Kd7 37. h5 Nf6 38.
b5 axb5 39. Qb2 Ng4+ 40. Ke1 Nxe3 41. Qb4 Nc2+ 0-1

[Event "Early-Titled-Tuesday-Blitz-March-26-2024"]
[Site "Chess.com"]
[Date "2024.03.26"]
[Round "7"]
[White "Statham_01"]
[Black "leoduarte"]
[Result "1-0"]
[WhiteElo "2575"]
[BlackElo "2394"]
[TimeControl "180+1"]
[EndTime "9:15:40 PDT"]
[Termination "Statham_01 won on time"]

1. Nf3 Nf6 2. b3 c5 3. Bb2 Nc6 4. c4 g6 5. g3 Bg7 6. Bg2 O-O 7. O-O d5 8. cxd5 Nxd5 9. Bxg7 Kxg7 10. d4 cxd4 11.
Nxd4 Nxd4 12. Qxd4+ Nf6 13. Qb2 Qb6 14. Nd2 Kg8 15.
Nc4 Qa6 16. Rac1 Be6 17. Ne5 Rac8 18. Nd3 Bd5 19. Nb4 Qe6 20. Nxd5 Nxd5 21. Qd4 Rcd8 22. Qxa7 Qxe2 23. Qxb7 e6 24. Bxd5 exd5 25. a4 d4 26. Rfe1 Qb2 27. Rb1 Qc2 28. Rec1 Qf5 29. Rd1 d3 30. b4 d2 31. Qb5 Rd5 32. Qe2 Rc8 33. Rb2 Rd4 34. a5 Rc1 35. a6 Rxd1+ 36. Qxd1 Qd7 37. a7 Qxa7 38. Rxd2 Qb7 39. Rxd4 1-0